 Dungeon Crawl Stone Soup version 0.32-a0-522-g3863d58 (webtiles) character file.

Game seed: 3769893882381780234

23 jagoly the Trooper (level 2, 0/32 HPs)
             Began as an Oni Fighter on Feb 27, 2024.
             Slain by an adder (3 damage)
             ... on level 2 of the Dungeon.
             The game lasted 00:03:41 (681 turns).

jagoly the Trooper (Oni Fighter)                     Turns: 681, Time: 00:03:42

Health: 0/32       AC:  3    Str: 19    XL:     2   Next: 95%
Magic:  2/2        EV:  8    Int:  9    God:
Gold:   19         SH:  7    Dex:  8    Spells: 1/1 levels left

rFire   . . .        a - +0 trident
rCold   . . .        c - +0 kite shield
rNeg    . . .        b - +0 robe
rPois   .            (helmet restricted)
rElec   .            (no cloak)
rCorr   .            (gloves unavailable)
SInv    .            (boots unavailable)
Will    .....        (no amulet)
Stlth   +            (no ring)
HPRegen 0.25/turn    (no ring)
MPRegen 0.08/turn

%: no passive effects
@: lethally poisoned (0 -> -1)
A: large, unfitting armour, horns 1, tough skin 1, double potion healing,
drunken brawling
a: no special abilities


You were on level 2 of the Dungeon.
You visited 1 branch of the dungeon, and saw 2 of its levels.

You collected 19 gold pieces.

Inventory:

Hand Weapons
 a - a +0 trident (weapon)
Missiles
 f - 13 stones (quivered)
Armour
 b - a +0 robe (worn)
 c - a +0 kite shield (worn)
Scrolls
 e - 4 scrolls of teleportation {unknown}
 g - a scroll of revelation {unknown}
 h - a scroll of identify {unknown}
Potions
 d - a potion of might


   Skills:
 + Level 4.3 Fighting
 * Level 2.6 Polearms
 + Level 2.9 Dodging
 + Level 2.9 Shields


You had one spell level left.
You didn't know any spells.
Your spell library contained the following spells:

 Spells                   Type           Power      Damage    Failure   Level
 Magic Dart               Conj           0%         1d3       71%         1
 Blink                    Tloc           0%         N/A       85%         2
 Call Imp                 Summ           0%         N/A       85%         2
 Mercury Vapours          Alch/Air       0%         N/A       85%         2
 Mephitic Cloud           Conj/Alch/Air  0%         N/A       97%         3
 Freezing Cloud           Conj/Ice/Air   0%         6-21      100%        5


Dungeon Overview and Level Annotations

Branches:
Dungeon (2/15) Zot: 11303

Altars:


Innate Abilities, Weirdness & Mutations

You are too large for most types of armour.
You have a pair of small horns on your head.
You have tough skin. (AC +1)
You gain doubled healing and magic from potions.
Whenever you drink a healing potion, you attack all around you.


Message History

Welcome, jagoly the Oni Fighter.
The Orb of Zot is coveted for many reasons.
Will you seize it for your own?
Press ? for a list of commands and other information.
Found a scroll labelled TIGEXYISUC.
Found a staircase leading out of the dungeon.
Your movement speed is average.
Your attack delay is about 1.4 (and is slowed by your shield).
Your damage rating with your +0 trident is about 12 (Base 9 x 122% (Str) x 110% (Skill)).
Unknown command.
Your movement speed is average.
Your attack delay is about 1.4 (and is slowed by your shield).
Your damage rating with your +0 trident is about 12 (Base 9 x 122% (Str) x 110% (Skill)).
Unknown command.
e - a scroll labelled TIGEXYISUC
There is a staircase leading out of the dungeon here.
A ball python comes into view.
The ball python hisses angrily.
You closely miss the ball python. The ball python completely misses you.
You hit the ball python.
You kill the ball python!
No target in view!
You see here a ball python corpse.
Found a book of Vapours.
Found a runed orb.
You pick up a book of Vapours and begin reading...
You add the spells Mercury Vapours, Mephitic Cloud and Freezing Cloud to your library.
You see here an orb of wrath.
A giant cockroach comes into view.
You hit the giant cockroach.
The giant cockroach is heavily wounded.
The giant cockroach bites you.
You hit the giant cockroach but do no damage.
You headbutt the giant cockroach.
The giant cockroach is severely wounded.
The giant cockroach waves its antennae.
The giant cockroach bites you but does no damage.
You block the giant cockroach's attack.
You closely miss the giant cockroach.
The giant cockroach is severely wounded.
The giant cockroach bites you.
The giant cockroach bites you but does no damage.
You closely miss the giant cockroach. You headbutt the giant cockroach.
You kill the giant cockroach!
No target in view!
You start resting.
HP restored.
You see here a giant cockroach corpse.
A hobgoblin and an endoplasm come into view.
The hobgoblin shouts!
The endoplasm quivers.
You reach to attack!
You hit the endoplasm.
The endoplasm is heavily wounded.
You hit the endoplasm.
You kill the endoplasm!
You hit the hobgoblin but do no damage. You headbutt the hobgoblin.
You kill the hobgoblin!
No target in view!
You see here a hobgoblin corpse.
Found a scroll labelled ZATESA MINGOSM.
A kobold comes into view. It is wielding a +0 short sword.
The kobold shouts!
You start waiting.
A kobold is nearby!
A bat comes into view.
The kobold hits you but does no damage.
You hit the kobold.
You kill the kobold!
A rat comes into view.
The bat hits you.
Things that are here:
a +0 short sword; 4 stones You reach to attack!
You barely miss the bat. The bat barely misses you.
Found a scroll labelled TIGEXYISUC.
The bat hits you but does no damage.
You barely miss the bat. Your headbutt misses the bat.
The bat hits you but does no damage.
You puncture the bat!
You kill the bat!
The rat twitches its whiskers.
You block the rat's attack.
You hit the rat.
You kill the rat!
You have reached level 2!
Things that are here:
a +0 short sword; 4 stones
Found a stone staircase leading down.
Things that are here:
a +0 short sword; 4 stones
f - 4 stones
Found 5 stones.
g - a scroll labelled ZATESA MINGOSM A bat comes into view.
You see here a scroll labelled TIGEXYISUC.
e - 2 scrolls labelled TIGEXYISUC (gained 1)
You block the bat's attack.
You reach to attack!
You hit the bat.
You kill the bat!
No target in view!
No target in view!
You see here a bat corpse.
f - 9 stones (gained 5)
Found a ring mail.
Found a scroll labelled TIGEXYISUC.
Found a whip.
e - 3 scrolls labelled TIGEXYISUC (gained 1)
You now have 6 gold pieces.
Found a pair of gloves.
Found a faded altar of an unknown god.
Unknown command.
e - 4 scrolls labelled TIGEXYISUC (gained 1)
A bat comes into view.
There is a faded altar of an unknown god here.
This altar belongs to (a) Uskayaw, (b) Yredelemnul or (c) Elyvilon, but you can't tell which.
Press the corresponding letter to learn more about a god, or press enter to convert or escape to cancel.
Okay, then.
You reach to attack!
You barely miss the bat. The bat barely misses you.
You reach to attack!
You barely miss the bat. The bat barely misses you.
You miss the bat. The bat hits you.
You reach to attack!
You puncture the bat!
You kill the bat!
No target in view!
You see here a bat corpse.
You see here a +0 pair of gloves.
Found a stone staircase leading down.
You see here a bat corpse.
You see here a +0 short sword.
You now have 19 gold pieces (gained 13).
You pick up a book of Minor Magic and begin reading...
You add the spells Magic Dart, Blink and Call Imp to your library.
f - 14 stones (gained 5)
Found a stone staircase leading down.
A rat comes into view.
Found a robe.
An endoplasm comes into view.
The rat squeaks loudly.
The endoplasm quivers.
You reach to attack!
You barely miss the endoplasm. The endoplasm freezes you.
You are frozen.
You puncture the endoplasm!
You kill the endoplasm!
You closely miss the rat. You headbutt the rat.
The rat is moderately wounded.
You block the rat's attack.
You barely miss the rat.
The rat is moderately wounded.
The rat barely misses you.
You hit the rat but do no damage.
The rat is moderately wounded.
The rat bites you but does no damage. x2
You barely miss the rat.
The rat is moderately wounded.
You block the rat's attack.
You hit the rat.
You kill the rat!
No target in view!
You see here a +0 robe.
You see here a +0 robe.
An endoplasm comes into view.
The endoplasm quivers.
You reach to attack!
You puncture the endoplasm!
You kill the endoplasm!
No target in view!
There is a staircase leading out of the dungeon here.
There is a staircase leading out of the dungeon here.
Done exploring.
Done exploring.
There is a staircase leading out of the dungeon here.
There is a stone staircase leading down here.
You climb downwards.
There is a stone staircase leading up here.
Found a scroll labelled EGIEMOYCYE.
h - a scroll labelled EGIEMOYCYE An endoplasm comes into view.
The endoplasm quivers.
An endoplasm is nearby!
You reach to attack!
You hit the endoplasm but do no damage. You completely miss the endoplasm.
You headbutt the endoplasm.
The endoplasm is moderately wounded.
You block the endoplasm's attack.
You hit the endoplasm but do no damage.
The endoplasm is moderately wounded.
The endoplasm hits you but does no damage.
You barely miss the endoplasm. Your headbutt misses the endoplasm.
The endoplasm is moderately wounded.
The endoplasm freezes you.
You are frozen.
You block the endoplasm's attack.
You puncture the endoplasm!
You kill the endoplasm!
No target in view!
You start resting.
HP restored.
You start resting.
HP restored.
An adder comes into view.
The adder hisses angrily.
An adder comes into view.
There are monsters nearby!
The adder hisses angrily.
There is a stone staircase leading up here.
You throw a stone. The stone barely misses the adder.
You block the adder's attack.
You puncture the adder! Your headbutt misses the adder.
The adder is severely wounded.
You block the adder's attack. The adder bites you.
You miss the adder.
The adder is severely wounded.
The adder bites you.
You are poisoned.
The adder poisons you!
You miss the adder.
The adder is severely wounded.
You feel sick. The adder bites you. The adder bites you but does no damage.
You puncture the adder!
You kill the adder!
You feel sick. The adder bites you.
You closely miss the adder.
You feel sick. The adder closely misses you. You block the adder's attack.
You hit the adder.
The adder is lightly wounded.
You feel sick. The adder bites you.
* * * LOW HITPOINT WARNING * * *
You block the adder's attack.
Reach: a) +0 trident
Press: ? - help, Dir - move target, f - adder
Aim: an adder (lightly wounded, about 65% to evade your +0 trident)
You hit the adder.
The adder is moderately wounded.
You feel sick.
You are no longer poisoned.
The adder bites you.
* * * LOW HITPOINT WARNING * * *
You are poisoned.
The adder poisons you!
Unknown command.
You are quite poisoned (12 -> 5).
Your movement speed is average.
Your attack delay is about 1.3 (and is slowed by your shield).
Your damage rating with your +0 trident is about 12 (Base 9 x 122% (Str) x 112% (Skill)).
Unknown command.
Unknown command.
You aren't carrying any items that you can evoke.
Okay, then.
You are quite poisoned (12 -> 5).
Your movement speed is average.
Your attack delay is about 1.3 (and is slowed by your shield).
Your damage rating with your +0 trident is about 12 (Base 9 x 122% (Str) x 112% (Skill)).
Unknown command.
Press: ? - help, v - describe, . - travel, g - get item
Here: an adder (moderately wounded) Item here: an adder corpse.
The floor, spattered with blood.
Unknown command.
Reach: a) +0 trident
Press: ? - help, Dir - move target, f/p - adder
Aim: an adder (moderately wounded, about 65% to evade your +0 trident)
Okay, then.
Unknown command.
Reach: a) +0 trident
Press: ? - help, Dir - move target, f/p - adder
Aim: an adder (moderately wounded, about 65% to evade your +0 trident)
You hit the adder.
The adder is heavily wounded.
You feel sick. The adder bites you.
* * * LOW HITPOINT WARNING * * *
You block the adder's attack.
Unknown command.
Unknown command.
You are quite poisoned (9 -> 4).
Your movement speed is average.
Your attack delay is about 1.3 (and is slowed by your shield).
Your damage rating with your +0 trident is about 12 (Base 9 x 122% (Str) x 112% (Skill)).
Unknown command.
Unknown command.
Reach: a) +0 trident
Press: ? - help, Dir - move target, f/p - adder
Aim: an adder (heavily wounded, about 65% to evade your +0 trident)
You miss the adder.
The adder is heavily wounded.
You feel sick. The adder completely misses you.
Unknown command.
Unknown command.
You are quite poisoned (7 -> 4).
Your movement speed is average.
Your attack delay is about 1.3 (and is slowed by your shield).
Your damage rating with your +0 trident is about 12 (Base 9 x 122% (Str) x 112% (Skill)).
Unknown command.
Unknown command.
Reach: a) +0 trident
Press: ? - help, Dir - move target, f/p - adder
Aim: an adder (heavily wounded, about 65% to evade your +0 trident)
You hit the adder. Your headbutt misses the adder.
The adder is severely wounded.
You feel sick. The adder bites you but does no damage.
You block the adder's attack.
Unknown command.
Unknown command.
You aren't carrying any items that you can evoke.
Unknown command.
Okay, then.
Okay, then.
Reach: a) +0 trident
Press: ? - help, Dir - move target, f/p - adder
Aim: an adder (severely wounded, about 65% to evade your +0 trident)
You closely miss the adder.
The adder is severely wounded.
You feel sick. The adder bites you.
* * * LOW HITPOINT WARNING * * *
The adder bites you.
You die...

#########
#.......#
#.#####.#
.########.#
#.#
..........#
#.#
.######.#.#
#@#
...#.#####S#
###.#.......#
#.....S####
###.##.##
#.#...##
#......#
#......#
#......#


You could see an adder.

Vanquished Creatures
  An adder (D:2)
  4 endoplasms
  A giant cockroach (D:1)
  A hobgoblin (D:1)
  A ball python (D:1)
  3 bats (D:1)
  A kobold (D:1)
  2 rats (D:1)
14 creatures vanquished.

Notes
Turn   | Place    | Note
-------+----------+-------------------------------------------
     0 | D:1      | jagoly the Oni Fighter began the quest for the Orb.
     0 | D:1      | Reached XP level 1. HP: 24/24 MP: 1/1
    90 | D:1      | Reached XP level 2. HP: 32/32 MP: 2/2
   224 | D:1      | Found a faded altar of an unknown god.
   681 | D:2      | Slain by an adder

Illustrated notes

Levels and vault maps discovered:
D:1:      reono_arrival_mine, layout_basic, ebering_ecumenical_altar_petrified
D:2:      layout_loops_ring, minmay_pentomino_s4

Action                     || total
---------------------------++-------
  Melee: Trident           ||    43
         Headbutt          ||     5
  Throw: Stone             ||     1
 Armour: Robe              ||    23
  Dodge: Dodged            ||     7
  Block: Kite shield       ||    13

Table legend: (Time is in decaauts)
 A = Elapsed time spent in this place.
 B = Non-inter-level travel time spent in this place.
 C = Inter-level travel time spent in this place.
 D = Time resting spent in this place.
 E = Time spent auto-exploring this place.
 F = Levels seen in this place.
 G = Mean time per level.
                   A        B        C        D        E       F      G
               +--------+--------+--------+--------+--------+-----+--------+
         Total |    694 |    652 |     42 |     17 |    361 |   2 |  347.0 |
       Dungeon |    694 |    652 |     42 |     17 |    361 |   2 |  347.0 |
               +--------+--------+--------+--------+--------+-----+--------+

Top non-repeatable levels by time:
     D:1: 634 daAuts
     D:2: 60 daAuts
